 Dungeon Crawl Stone Soup version 0.28.0-43-g3370ac3207 (webtiles) character file.

Game seed: 8587284387898307835

54 rel the Skirmisher (level 3, -5/33 HPs)
             Began as a Ghoul Monk on Mar 20, 2022.
             Slain by a black bear (7 damage)
             ... on level 4 of the Dungeon.
             The game lasted 00:06:16 (1760 turns).

rel the Skirmisher (Ghoul Monk)                     Turns: 1760, Time: 00:06:17

Health: -5/33      AC:  6    Str: 14    XL:     3   Next: 91%
Magic:  2/2        EV: 12    Int:  7    God:
Gold:   51         SH:  0    Dex: 11    Spells: 2/2 levels left

rFire   . . .      SeeInvis .   a - +0 short sword
rCold   + . .      Faith    .   (no shield)
rNeg    + + +      Spirit   .   c - +0 leather armour
rPois   ∞          Reflect  .   (no helmet)
rElec   .          Harm     .   g - +0 cloak
rCorr   .          Rampage  .   (no gloves)
Will    .....                   f - +1 pair of boots
Stlth   ++........              (no amulet)
HPRegen 0.00/turn               (no ring)
MPRegen 0.08/turn               (no ring)

@: inhibited regen
A: claws 1, cold resistance 1, negative energy resistance 3, inhibited
regeneration, torment resistance 2
a: no special abilities


You were on level 4 of the Dungeon.
You visited 1 branch of the dungeon, and saw 4 of its levels.

You collected 51 gold pieces.

Inventory:

Hand Weapons
 a - a +0 short sword (weapon)
Armour
 b - a +0 robe
 c - a +0 leather armour (worn)
 f - a +1 pair of boots (worn)
 g - a +0 cloak (worn)
Scrolls
 d - 2 scrolls of noise {unknown}
 e - a scroll of enchant weapon {unknown}
 h - a scroll of amnesia {unknown}


   Skills:
 * Level 4.0 Fighting
 + Level 3.1 Short Blades
 + Level 3.1 Dodging
 + Level 2.6 Stealth


You had 2 spell levels left.
You didn't know any spells.
Your spell library contained the following spells:

 Spells                   Type           Power      Damage    Failure   Level
 Tukima's Dance           Hex            0%         N/A       87%         3
 Fulminant Prism          Conj/Hex       0%         3d6       99%         4
 Iskenderun's Mystic Bla  Conj/Tloc      0%         2d3       99%         4
 Passage of Golubria      Tloc           0%         N/A       99%         4
 Lee's Rapid Deconstruct  Erth           0%         3d5*      100%        5
 Yara's Violent Unravell  Hex/Tmut       0%         3d3       100%        5


Dungeon Overview and Level Annotations

Branches:
Dungeon (4/15)
 Temple: D:4-7

Altars:


Innate Abilities, Weirdness & Mutations

You thrive by killing the living.
You are immune to poison.
You have sharp fingernails.
Your flesh is cold resistant. (rC+)
You are immune to negative energy. (rN+++)
You do not regenerate when monsters are visible.
You are immune to unholy pain and torment.


Message History

The black bear closely misses you. The black bear barely misses you.
The black bear closely misses you.
You barely miss the black bear.
The black bear is lightly wounded.
The black bear closely misses you. x3
You hit the black bear but do no damage.
The black bear is lightly wounded.
You hit the black bear.
The black bear is moderately wounded.
The black bear bites you but does no damage.
The black bear claws you. The black bear barely misses you.
You hit the black bear.
The black bear is heavily wounded.
The black bear misses you.
The black bear claws you but does no damage.
The black bear misses you. The jelly hits you but does no damage.
You hit the black bear.
The black bear is severely wounded.
The black bear goes berserk!
The jelly barely misses you.
You closely miss the black bear.
The black bear is severely wounded.
The black bear barely misses you. The black bear claws you.
The black bear closely misses you. The jelly hits you but does no damage.
The black bear closely misses you.
The black bear claws you but does no damage. x2
You hit the black bear but do no damage.
The black bear is severely wounded.
The black bear bites you.
The black bear claws you but does no damage.
The black bear closely misses you. The jelly closely misses you.
You completely miss the black bear.
The black bear is severely wounded.
The black bear bites you! The black bear closely misses you.
The black bear barely misses you. The jelly barely misses you.
The black bear bites you!
* * * LOW HITPOINT WARNING * * *
The black bear claws you but does no damage.
The black bear completely misses you. The black bear bites you!
You die...

.... .... .# ..# .# ..
..# .# ... ##.##.###...
##..##..#.......
.....#Jh#....#
###.......@....#
##.........#....#
..........##....#
............##.#
##.......[..# #. #
#.....<.....##...
..#..............# .#.
..........######.##
...##...........#......


You could see a black bear (berserk) and a jelly.

Vanquished Creatures
  2 adders (D:4)
  4 dart slugs
  An orc (D:3)
  A ball python (D:4)
  2 bats (D:3)
  3 endoplasms (D:1)
  A giant cockroach (D:3)
  2 hobgoblins
  2 quokkas (D:1)
  2 frilled lizards
  2 goblins
  4 kobolds
  A rat (D:1)
27 creatures vanquished.

Notes
Turn   | Place    | Note
-------+----------+-------------------------------------------
     0 | D:1      | rel the Ghoul Monk began the quest for the Orb.
     0 | D:1      | Reached XP level 1. HP: 19/19 MP: 0/0
   147 | D:1      | Found a faded altar of an unknown god.
  1063 | D:1      | Reached XP level 2. HP: 23/26 MP: 1/1
  1480 | D:3      | Reached XP level 3. HP: 33/33 MP: 2/2
  1655 | D:4      | Reached skill level 4 in Fighting
  1748 | D:4      | Noticed a black bear
  1760 | D:4      | Slain by a black bear

Illustrated notes

Levels and vault maps discovered:
D:1:      dpeg_arrival_rooms_b, layout_basic,
          shapermc_ecumenical_altar_mp_ritualfount
D:2:      wad_lake_hut, layout_basic
D:3:      layout_loops_ring, amcnicky_mini_rare_corridor_liquid,
          grunt_ministairs_2
D:4:      layout_cave_pools, minmay_temple_entry_metal_lava

Skill      XL: |  1  2  3 |
---------------+----------+-----
Dodging        | 3 |  3.1
Short Blades   | 3 |  3.1
Fighting       | 4 |  4.0
Stealth        | |  2.6

Action                   || total
-------------------------++-------
Melee: Short sword       ||   110
       Punch             ||     1
  Use: Potion            ||     1
 Stab: Sleeping          ||     3
Armor: Robe              ||     3
       Leather armour    ||    41
Dodge: Dodged            ||   102
